 Dungeon Crawl Stone Soup version 0.27-a0-385-g3208abaabc (webtiles) character file.

Game seed: 2068246579946969347

242 dickylongcocking the Insei (level 6, 0/63 HPs)
             Began as an Octopode Transmuter on Feb 20, 2021.
             Killed from afar by an orc wizard (9 damage)
             ... with a puff of flame
             ... on level 3 of the Dungeon.
             The game lasted 00:02:18 (3570 turns).

dickylongcocking the Insei (Octopode Transmuter)    Turns: 3570, Time: 00:02:19

Health: 0/63       AC: 23    Str:  9    XL:     6   Next: 9%
Magic:  9/9        EV:  2    Int: 18    God:
Gold:   100        SH:  0    Dex: 12    Spells: 8/9 levels left

rFire    . . .     SeeInvis .     - Unarmed
rCold    . . .     Faith    .   (no shield)
rNeg     + + +     Spirit   .   (helmet currently unavailable)
rPois    +         Reflect  .   (no amulet)
rElec    .         Harm     .   a - +4 ring of evasion
rCorr    .         Rampage  .   (no ring)
Will     .....     NoTele   +   (no ring)
Stlth    ++........             (no ring)
HPRegen  0.20/turn              (no ring)
MPRegen  0.11/turn              (no ring)
                                (no ring)
                                (no ring)

@: tree-form, attractive
A: almost no armour, stealthy swim, (amphibious), 8 rings, (constrict 8)
a: no special abilities


You were on level 3 of the Dungeon.
You were a tree.
You visited 1 branch of the dungeon, and saw 3 of its levels.

You collected 100 gold pieces.

Inventory:

Jewellery
 a - a +4 ring of evasion (left branch)
Scrolls
 b - a scroll of magic mapping {unknown}
 c - a scroll of enchant weapon {unknown}
 e - 2 scrolls of identify {unknown}
Potions
 g - a potion of flight
 k - a potion of resistance


   Skills:
 * Level 3.0 Fighting
 - Level 2.0 Dodging
 * Level 3.2 Stealth
 * Level 5.1 Unarmed Combat
 - Level 2.0 Spellcasting
 + Level 2.1 Transmutations


You had 8 spell levels left.
You knew the following spells:

 Your Spells              Type           Power        Failure   Level
a - Beastly Appendage     Tmut           18%          8%          1

Your spell library contained the following spells:

 Spells                   Type           Power        Failure   Level
 Wereblood                Tmut           9%           11%         2
 Spider Form              Tmut/Pois      2%           34%         3
 Ice Form                 Ice/Tmut       5%           75%         4
 Blade Hands              Tmut           4%           90%         5


Dungeon Overview and Level Annotations

Branches:
Dungeon (3/15)

Altars:
Ashenzari
Kikubaaqudgha


Innate Abilities, Weirdness & Mutations

You cannot wear most types of armour.
You are very stealthy in the water. (Stealth+)
((You are amphibious.))
You can wear up to eight rings at the same time.
((You can use your tentacles to constrict eight enemies at once.))
((Your skin changes colour to match your surroundings (Stealth+).))
((Your rubbery body absorbs attacks. (AC +1, EV +1)))


Message History

Unknown command.
You hit the orc priest but do no damage.
The orc hits you but does no damage.
The giant cockroach bites you but does no damage.
The orc hits you but does no damage.
The orc priest calls down the wrath of Beogh upon you.
Beogh smites you!
* * * LOW HITPOINT WARNING * * *
The orc hits you but does no damage. Something hits you but does no damage.
You hit the orc priest.
The orc priest is moderately wounded.
The orc hits you but does no damage.
The giant cockroach bites you but does no damage.
The orc priest hits you but does no damage.
The orc hits you but does no damage. x2
Unknown command.
Unknown command.
You barely miss the orc priest.
The orc priest is lightly wounded.
Something hits you but does no damage.
The giant cockroach bites you but does no damage.
The orc hits you but does no damage.
The orc priest looks braver for a moment.
The orc hits you but does no damage.
You smack the orc priest!
The orc priest is severely wounded.
The orc hits you with a +2 vorpal mace.
* * * LOW HITPOINT WARNING * * *
x2 The giant cockroach bites you but does no damage.
Something hits you but does no damage.
The orc priest hits you but does no damage.
The orc hits you but does no damage.
You smack the orc priest!
You kill the orc priest!
The giant cockroach bites you but does no damage.
The orc hits you but does no damage.
You hear some strange, mumbled words.
A puff of flame appears from out of thin air!
The puff of flame hits you!
You die...

#.###.#.# ##...###### #
##.#..# ##.## #.###.# #.#
# ##.#..# #.# #.###.#.#
##'## #.......# ##...##
####.#### ##.....##
####[######..(....##
#...o♣o.##.........###
.......{Bo..'.........'..
####.....#.##.........###
#.##.##)###.......## #.
... # ##.....## # ####
##...## ##'##
##########)# .........#.#


You could see 3 orcs and a giant cockroach.

Vanquished Creatures
  A centaur (D:2)
  An orc priest (D:3)
  Jessica (D:3)
  An orc wizard (D:3)
  4 adders (D:2)
  An ooze (D:2)
  3 worms (D:2)
  2 dart slugs
  4 orcs (D:3)
  A ball python (D:2)
  2 giant cockroaches
  6 goblins
  4 hobgoblins
  7 jackals
  A quokka (D:2)
  5 bats (D:1)
  5 frilled lizards
  6 kobolds
  6 rats
61 creatures vanquished.

Vanquished Creatures (others)
  6 withered plants (D:2)
6 creatures vanquished.

Grand Total: 67 creatures vanquished

Notes
Turn   | Place    | Note
-------+----------+-------------------------------------------
     0 | D:1      | dickylongcocking the Octopode Transmuter began the quest
                  | for the Orb.
     0 | D:1      | Reached XP level 1. HP: 13/13 MP: 3/3
   380 | D:1      | Reached XP level 2. HP: 18/18 MP: 5/5
   900 | D:1      | Reached skill level 4 in Unarmed Combat
  1114 | D:1      | Reached XP level 3. HP: 23/23 MP: 6/6
  1830 | D:2      | Reached skill level 1 in Stealth
  1837 | D:2      | Reached XP level 4. HP: 28/28 MP: 7/7
  2176 | D:2      | Noticed a centaur
  2188 | D:2      | Killed a centaur
  2189 | D:2      | Reached XP level 5. HP: 35/35 MP: 8/8
  2296 | D:2      | Found an ancient bone altar of Kikubaaqudgha.
  2366 | D:2      | Reached skill level 5 in Unarmed Combat
  2781 | D:3      | Found a broken altar of Ashenzari.
  3185 | D:3      | Noticed Jessica
  3192 | D:3      | Killed Jessica
  3200 | D:3      | Reached XP level 6. HP: 11/42 MP: 9/9
  3570 | D:3      | Killed from afar by an orc wizard

Illustrated notes

Levels and vault maps discovered:
D:1:      psy_arrival_heroes, layout_basic
D:2:      layout_basic, kiku_gazebo_garden_becter
D:3:      layout_loops_corners, good_gods_temple_1, cheibrodos_ashenzari_chains,
          uniq_jessica, uniq_sigmund

Skill      XL: |  1  2  3  4  5 |
---------------+----------------+-----
Unarmed Combat | 4 5 |  5.1
Stealth        | 1 2 3 |  3.2
Fighting       | 2 3 |  3.0
Dodging        | |  2.0
Spellcasting   | |  2.0
Transmutations | |  2.1

Action                   |  1- 3 |  4- 6 || total
-------------------------+-------+-------++-------
Melee: Unarmed           |    73 |    85 ||   158
       Constrict         |    25 |    15 ||    40
       Kick              |     2 |     7 ||     9
       Tentacles         |    16 |     7 ||    23
       Punch             |     3 |     1 ||     4
 Cast: Beastly Appendage |     3 |     8 ||    11
  Use: Potion            |       |     7 ||     7
       Scroll            |       |     2 ||     2
 Stab: Sleeping          |     6 |     5 ||    11
Armor: Skin              |     5 |    40 ||    45
Dodge: Dodged            |    55 |    89 ||   144

Table legend: (Time is in decaauts)
 A = Elapsed time spent in this place.
 B = Non-inter-level travel time spent in this place.
 C = Inter-level travel time spent in this place.
 D = Time resting spent in this place.
 E = Time spent auto-exploring this place.
 F = Levels seen in this place.
 G = Mean time per level.
                   A        B        C        D        E       F      G
               +--------+--------+--------+--------+--------+-----+--------+
         Total |   3555 |   3527 |     28 |    538 |   2544 |   3 | 1185.0 |
       Dungeon |   3555 |   3527 |     28 |    538 |   2544 |   3 | 1185.0 |
               +--------+--------+--------+--------+--------+-----+--------+

Top non-repeatable levels by time:
     D:2: 1281 daAuts
     D:1: 1275 daAuts
     D:3: 999 daAuts
